 Dungeon Crawl Stone Soup version 0.18.1-48-g4cf74bf (webtiles) character file.

63 Heedrag the Conjurer (level 3, 0/19 HPs)
             Began as a Deep Elf Conjurer on Aug 19, 2016.
             Succumbed to an adder's poison
             ... on level 2 of the Dungeon.
             The game lasted 00:02:41 (1189 turns).

Heedrag the Conjurer (Deep Elf Conjurer)            Turns: 1189, Time: 00:02:41

Health: 0/19       AC:  2    Str:  6    XL:     3   Next: 89%
Magic:  1/10       EV: 18    Int: 19    God:
Gold:   110        SH:  0    Dex: 20    Spells: 1 memorised, 9 levels left

rFire  . . .     SeeInvis +     n - +2 hand axe (freeze)
rCold  . . .     Gourm    .     a - +0 robe
rNeg   . . .     Faith    .     (no shield)
rPois  .         Spirit   .     (no helmet)
rElec  .         Dismiss  .     (no cloak)
rCorr  .         Reflect  .     (no gloves)
SustAt .         Harm     .     (no boots)
MR     .....                    (no amulet)
Stlth  +++.......               (no ring)
                                o - ring of see invisible

@: agile, lethally poisoned (0 -> -10), exhausted, slowed, very slow, not
resistant to hostile enchantments, fairly stealthy
A: no striking features
a: no special abilities


You were on level 2 of the Dungeon.
You were not hungry.

You visited 1 branch of the dungeon, and saw 2 of its levels.

You collected 110 gold pieces.

Inventory:

Hand Weapons
 n - a +2 hand axe of freezing (weapon)
Armour
 a - a +0 robe (worn)
Jewellery
 o - a ring of see invisible (left hand)
Scrolls
 d - 4 scrolls of teleportation {unknown}
 e - 3 scrolls of identify {unknown}
 f - a scroll of fog {unknown}
 l - 2 scrolls of magic mapping {unknown}
 p - a scroll of remove curse {unknown}
Books
 b - a book of Conjurations

   Spells                             Type                      Level
   a - Magic Dart                     Conjuration                  1
   b - Searing Ray                    Conjuration                  2
   c - Dazzling Spray                 Conjuration/Hexes            3
   d - Fulminant Prism                Conjuration/Hexes            4
   e - Iskenderun's Mystic Blast      Conjuration                  4
   f - Iskenderun's Battlesphere      Conjuration/Charms           5
Comestibles
 c - a bread ration
 g - a meat ration
 h - 2 fruits
 m - 7 chunks of flesh


   Skills:
 - Level 2.4 Dodging
 - Level 2.4 Stealth
 + Level 4.3 Spellcasting
 * Level 5.4 Conjurations


You had 9 spell levels left.
You knew the following spells:

 Your Spells              Type           Power        Failure   Level  Hunger
a - Magic Dart            Conj           ###.         1%          1    None


Dungeon Overview and Level Annotations

Branches:
Dungeon (2/15)

Altars:


Message History

Ye feel sick.
Ye see 'ere an adder corpse.
Ye butcher tha adder corpse.
Ye enjoyed tha.
Ye see 'ere a chunk o' flesh.
Thar ain't anythin' ta butcher 'ere.
Unknown command.
Ye feel a strong urge ta attack somethin'.
* * * LOW HITPOINT WARNIN'
* * * Ye feel sick.
Ye see 'ere a chunk o' flesh.
m - 7 chunks o' flesh (gain'd 1) Ye feel yer anger subside.
Ye be nay longer berserk.
Ye be 'shausted.
Ye feel yerself slow down.
* * * LOW HITPOINT WARNIN'
* * * Ye feel sick.
Drink which item? (? fer menu, 'sc ta quit) It was a potion o' agility.
Ye feel agile all o' a sudd'n.
Ye die...

#.. #........ #..
#.......# #..
#.......# #..
#.......# #..
#.......# #..
#.......### #..
#.........# ##+#
#@........# #...
##.........#####)..
#..................
#..........#####...
#......)...# #...
#).........# #...
#..........# #...
#..........# #...
#..........# #...


There were no monsters in sight!

Vanquished Creatures
  4 adders (D:2)
  A worm (D:2)
  A dart slug (D:1)
  3 bats
  3 giant cockroaches
  3 hobgoblins (D:1)
  3 goblins
  3 kobolds
  2 rats
23 creatures vanquished.

Notes
Turn   | Place    | Note
--------------------------------------------------------------
     0 | D:1      | Heedrag the Deep Elf Conjurer began the quest for the Orb.
     0 | D:1      | Reached XP level 1. HP: 10/10 MP: 6/6
   353 | D:1      | Reached XP level 2. HP: 15/15 MP: 3/8
   979 | D:2      | Reached skill level 5 in Conjurations
   979 | D:2      | Reached XP level 3. HP: 19/19 MP: 5/10
  1182 | D:2      | Gained mutation: You regenerate slowly when monsters are visible. [potion of mutation]
  1182 | D:2      | Lost mutation: You regenerate slowly when monsters are visible. [potion of mutation]
  1189 | D:2      | Succumbed to an adder's poison

Skill      XL: |  1  2 |
---------------+-------+-----
Spellcasting   | 4 |  4.3
Conjurations   | 5 |  5.4
Dodging        | |  2.4
Stealth        | |  2.4

Action                   || total
-------------------------++-------
Melee: Hand axe          ||     6
 Cast: Magic Dart        ||    45
  Use: Potion            ||     3
  Eat: Chunk             ||     1
Armor: Robe              ||     1
Dodge: Dodged            ||     4
